 Dungeon Crawl Stone Soup version 0.18.1-5-g4a78601 (webtiles) character file.

57 Mefis the Magician (level 3, -8/19 HPs)
             Began as a Deep Elf Wizard on May 11, 2016.
             Shot with an arrow by a centaur (12 damage)
             ... on level 3 of the Dungeon.
             The game lasted 00:03:24 (1761 turns).

Mefis the Magician (Deep Elf Wizard)                Turns: 1761, Time: 00:03:25

Health: -8/19      AC:  2    Str:  4    XL:     3   Next: 73%
Magic:  9/11       EV: 13    Int: 23    God:
Gold:   150        SH:  0    Dex: 13    Spells: 4 memorised, 5 levels left

rFire  . . .     SeeInvis .     u - +0 dagger
rCold  . . .     Gourm    .     a - +0 robe
rNeg   . . .     Faith    .     (no shield)
rPois  .         Spirit   .     b - +0 hat
rElec  .         Dismiss  .     (no cloak)
rCorr  .         Reflect  .     (no gloves)
SustAt .         Harm     .     (no boots)
MR     .....                    g - amulet of magic regeneration
Stlth  ++........               (no ring)
                                (no ring)

@: repel missiles, not resistant to hostile enchantments, unstealthy
A: no striking features
a: no special abilities


You were on level 3 of the Dungeon.
You were not hungry.

You visited 1 branch of the dungeon, and saw 3 of its levels.

You collected 150 gold pieces.

Inventory:

Hand Weapons
 u - a +0 dagger (weapon)
Missiles
 e - 19 arrows
 r - 18 poisoned needles
Armour
 a - a +0 robe (worn)
 b - a +0 hat (worn)
Jewellery
 g - an amulet of magic regeneration (around neck)
 h - a cursed amulet of inaccuracy {unknown}
 k - an uncursed ring of poison resistance {unknown}
 n - a +4 amulet of reflection {unknown}
Scrolls
 f - 3 scrolls of fog {unknown}
 i - 5 scrolls of identify {unknown}
 m - 2 scrolls of remove curse {unknown}
 o - a scroll of immolation {unknown}
 p - a scroll of enchant weapon {unknown}
 s - a scroll of random uselessness {unknown}
 w - a scroll of teleportation {unknown}
Potions
 j - 3 potions of curing {unknown}
 l - a potion of agility {unknown}
 q - 2 potions of flight {unknown}
 t - a potion of cancellation {unknown}
 v - 3 potions of heal wounds {unknown}
 x - a potion of mutation {unknown}
Books
 c - a book of Minor Magic

   Spells                             Type                      Level
   a - Magic Dart                     Conjuration                  1
   b - Blink                          Translocation                2
   c - Call Imp                       Summoning                    2
   d - Repel Missiles                 Charms/Air                   2
   e - Slow                           Hexes                        2
   f - Conjure Flame                  Conjuration/Fire             3
   g - Mephitic Cloud                 Conjuration/Poison/Air       3
Comestibles
 d - 2 bread rations
 z - a chunk of flesh
 A - a beef jerky


   Skills:
 + Level 3.1 Dodging
 + Level 3.0 Stealth
 + Level 5.1 Spellcasting
 * Level 2.0 Conjurations
 + Level 1.7 Summonings
 - Level 1.1 Translocations


You had 5 spell levels left.
You knew the following spells:

 Your Spells              Type           Power        Failure   Level  Hunger
a - Magic Dart            Conj           ###.         4%          1    None
b - Call Imp              Summ           ##......     10%         2    None
c - Blink                 Tloc           N/A          12%         2    None
d - Repel Missiles        Chrm/Air       #.....       17%         2    None


Dungeon Overview and Level Annotations

Branches:
Dungeon (3/15)

Altars:


Message History

You can't see any susceptible monsters within range! (Use Z to cast anyway.) Magic restored.
You see here a goblin corpse.
A centaur comes into view.
The centaur wields a shortbow.
The centaur shoots an arrow.
The arrow hits you!
Ouch! That really hurt!
* * * LOW HITPOINT WARNING * * *
You see here an arrow.
Casting: Magic Dart
Confirm with . or Enter, or press ? or * to list all spells.
You don't know that spell.
Casting: Magic Dart
Confirm with . or Enter, or press ? or * to list all spells.
Okay, then.
Casting: Magic Dart
Confirm with . or Enter, or press ? or * to list all spells.
You feel protected from missiles.
The centaur shoots an arrow.
The arrow hits you!
Ouch! That really hurt!
You die...

#.......#
#......>#
#.##.##.#
#.##.##.#
#.##.##.#
#.##.##.#
#.......#
####†#########
#.....@.......
#.##.##..#....
# #.# ..# .
#.. c... ###
..#.. ..#....
... ... ### ..


You could see a centaur.

Vanquished Creatures
  2 gnolls (D:1)
  A worm (D:3)
  7 bats
  6 goblins
  A hobgoblin (D:1)
  2 jackals (D:2)
  A quokka (D:2)
  4 giant newts (D:1)
  6 kobolds
  9 rats
39 creatures vanquished.

Notes
Turn   | Place    | Note
--------------------------------------------------------------
     0 | D:1      | Mefis the Deep Elf Wizard began the quest for the Orb.
     0 | D:1      | Reached XP level 1. HP: 10/10 MP: 7/7
   254 | D:1      | Reached XP level 2. HP: 15/15 MP: 5/9
   261 | D:1      | Learned a level 2 spell: Call Imp
   264 | D:1      | Learned a level 2 spell: Blink
   267 | D:1      | Learned a level 2 spell: Repel Missiles
   450 | D:1      | Reached skill level 5 in Spellcasting
   567 | D:1      | Reached XP level 3. HP: 4/19 MP: 4/11
  1760 | D:3      | Noticed a centaur
  1761 | D:3      | Shot with an arrow by a centaur

Skill      XL: |  1  2  3 |
---------------+----------+-----
Spellcasting   | 5 |  5.1
Dodging        | 3 |  3.1
Stealth        | 3 |  3.0
Conjurations   | 2 |  2.0
Summonings     | |  1.7
Translocations | |  1.1

Action                   || total
-------------------------++-------
Melee: Dagger            ||     1
 Cast: Magic Dart        ||    82
       Repel Missiles    ||     1
  Eat: Chunk             ||     2
Armor: Robe              ||     2
Dodge: Dodged            ||     9
